 Dungeon Crawl Stone Soup version 0.28-a0-1389-gc726bef33b (webtiles) character file.

Game seed: 17807449285173079749

121 tilp the Chiller (level 4, 18/18 HPs)
             Began as a Felid Ice Elementalist on Jan 3, 2022.
             Quit the game on level 3 of the Dungeon.
             The game lasted 00:09:20 (7785 turns).

tilp the Chiller (Felid Ice Elementalist)           Turns: 7785, Time: 00:09:21

Health: 18/18      AC:  1    Str:  4    XL:     4   Next: 76%
Magic:  9/9        EV: 17    Int: 18    God:
Gold:   88         SH:  5    Dex: 17    Spells: 2/9 levels left
                                        Lives:  0   Deaths: 1

rFire   . . .      SeeInvis +   (weapon unavailable)
rCold   . . .      Faith    .   (shield unavailable)
rNeg    . . .      Spirit   .   (armour unavailable)
rPois   .          Reflect  +   (helmet unavailable)
rElec   .          Harm     .   (cloak unavailable)
rCorr   .          Rampage  .   (gloves unavailable)
Will    .....                   (boots unavailable)
Stlth   ++........              c - amulet of reflection
HPRegen 0.06/turn               (no ring)
MPRegen 0.11/turn               (no ring)

@: quick
A: very small, claws 1, fangs 3, see invisible, speed 1, shaggy fur 1, stealthy
paws, no weapons or thrown items, no armour, multi-lived
a: no special abilities


You were on level 3 of the Dungeon.
You visited 1 branch of the dungeon, and saw 4 of its levels.

You collected 248 gold pieces.
You spent 160 gold pieces at shops.

Inventory:

Jewellery
 c - an amulet of reflection (around neck)
Wands
 l - a wand of flame (7)
Scrolls
 e - 2 scrolls of teleportation
 n - a scroll of identify
Potions
 a - a potion of haste
 b - 2 potions of curing
 d - a potion of lignification
 f - a potion of attraction {unknown}
 g - 2 potions of brilliance
 h - 2 potions of might {unknown}
 i - a potion of mutation {unknown}
 j - 2 potions of invisibility {unknown}
 k - a potion of heal wounds {unknown}
 m - a potion of berserk rage {unknown}


   Skills:
 * Level 0.1 Fighting
 + Level 2.7 Dodging
 + Level 2.7 Stealth
 * Level 0.3 Unarmed Combat
 - Level 3.0 Spellcasting
 - Level 6.0 Ice Magic


You had 2 spell levels left.
You knew the following spells:

 Your Spells              Type           Power      Damage    Failure   Level
a - Freeze                Ice            96%        1d11      1%          1
b - Frozen Ramparts       Ice            48%        1d6       4%          3
c - Ozocubu's Armour      Ice            24%        N/A       4%          3

Your spell library contained the following spells:

 Spells                   Type           Power      Damage    Failure   Level
 Confusing Touch          Hex            2%         N/A       43%         3
 Hailstorm                Conj/Ice       13%        3d5       43%         4
 Alistair's Intoxication  Tmut/Pois      1%         N/A       99%         5
 Borgnjor's Vile Clutch   Necr/Erth      1%         N/A       99%         5
 Yara's Violent Unravell  Hex/Tmut       1%         3d3       99%         5
 Eringya's Noxious Bog    Tmut/Pois      1%         N/A       100%        6
 Enfeeble                 Hex            1%         N/A       100%        7


Dungeon Overview and Level Annotations

Branches:
Dungeon (4/15)
 Temple: D:4-7

Altars:

Shops:
D:3 **[

Annotations:
D:2 Sigmund


Innate Abilities, Weirdness & Mutations

You have sharp claws.
You have razor-sharp teeth.
You have supernaturally acute eyesight. (SInv)
You cover ground quickly. (Speed+)
You are covered in fur. (AC +1)
Your paws help you pounce on unaware monsters.
You are incapable of wielding weapons or throwing items.
You cannot wear armour.
You gain extra lives every three experience levels.


Message History

Things that are here:
a +0 dagger; a +0 robe; a +0 dagger You start resting.
An orc warrior is nearby!
An orc warrior is nearby!
You start resting.
An orc warrior is nearby!
There is an escape hatch in the ceiling here.
You start resting.
An orc warrior is nearby!
You start resting.
HP restored.
You start waiting.
Done waiting.
You start waiting.
Done waiting.
You enter the shallow water.
Moving in this stuff is going to be slow.
Things that are here:
6 poisoned darts; a +0 whip
There is an open door here.
There is an open door here.
Things that are here:
6 poisoned darts; a +0 whip Unknown command.
The orc warrior shouts!
There is a fountain of clear blue water here.
There is a fountain of clear blue water here.
Okay, then.
The orc warrior hits you with a +2 hand axe of flaming!!
Ouch! That really hurt!
* * * LOW HITPOINT WARNING * * *
The orc warrior burns you.
You die...
You are now level 4!
You rejoin the land of the living...
Unknown command.
Unknown command.
Unknown command.
Are you sure you want to abandon this character and quit the game? (Confirm with "yes".)

*,,,,,,,,.[...#......#####
**************##....#...........
*,,,,,,,,,,,,,..................
*,******########>...............
*,*,,,,....<...#....#...........
*,*,##.#.#.#.#.#.#.#.##.#.#.....
*,*,#.................#.#.......
*,*,##.#.#.#.#.#.#.#.#..........
*,#,#..........@.)....#.###.....
*,*.##.#.#.#.#.#.#.#.##.# #.....
*,*,..................#.###.....
*,**##.#.#.#.#.#.#.#.##..##.....
*.###...)..>..........##.#######
*....#.#.#.#.#.#.#.#.###.## #
*,**#..................#..######
*,* ##.#.#.#.#.#.#.#.#..........
*** #...####.#...###.####.####..


There were no monsters in sight!

Vanquished Creatures
  A bullfrog skeleton (D:3)
  An iguana (D:4)
  Jessica (D:3)
  Robin (D:4)
  3 adders (D:2)
  A worm (D:2)
  3 orcs
  7 bats
  10 endoplasms
  5 giant cockroaches (D:1)
  23 goblins
  17 hobgoblins
  4 quokkas (D:1)
  5 ball pythons
  4 frilled lizards
  8 kobolds
  5 rats
99 creatures vanquished.

Vanquished Creatures (others)
  5 fungi (D:1)
  16 plants
21 creatures vanquished.

Grand Total: 120 creatures vanquished

Notes
Turn   | Place    | Note
-------+----------+-------------------------------------------
     0 | D:1      | tilp the Felid Ice Elementalist began the quest for the
                  | Orb.
     0 | D:1      | Reached XP level 1. HP: 7/7 MP: 4/4
   390 | D:1      | Reached XP level 2. HP: 11/11 MP: 4/6
   790 | D:1      | Reached skill level 4 in Ice Magic
  1133 | D:1      | Reached XP level 3. HP: 13/14 MP: 4/8
  1137 | D:1      | Learned a level 3 spell: Frozen Ramparts
  1147 | D:1      | Found a faded altar of an unknown god.
  1950 | D:2      | Noticed Sigmund
  2339 | D:2      | Reached XP level 4. HP: 10/18 MP: 4/9
  2465 | D:2      | Learned a level 3 spell: Ozocubu's Armour
  3420 | D:3      | Noticed Jessica
  3439 | D:3      | Killed Jessica
  3440 | D:3      | Reached skill level 5 in Ice Magic
  3679 | D:3      | Found Igiat's General Store.
  3687 | D:3      | Bought a scroll of identify for 20 gold pieces
  3981 | D:3      | Found Ybbuzost's Assorted Antiques.
  4005 | D:3      | Bought a scroll labelled BEISIU OGUT for 28 gold pieces
  4005 | D:3      | Bought a scroll labelled BEISIU OGUT for 28 gold pieces
  4005 | D:3      | Bought a scroll labelled QODUOVYOSM for 28 gold pieces
  4208 | D:3      | Found Lomiej's Armour Boutique.
  4337 | D:3      | Reached XP level 5. HP: 21/21 MP: 10/10
  4731 | D:3      | Bought a scroll of identify for 56 gold pieces
  5511 | D:4      | Noticed Robin
  5526 | D:4      | Killed Robin
  5617 | D:4      | Reached skill level 6 in Ice Magic
  5818 | D:4      | Noticed an orc warrior
  6749 | D:3      | Found Igiat's General Store.
  7026 | D:3      | Found Ybbuzost's Assorted Antiques.
  7143 | D:3      | Found Lomiej's Armour Boutique.
  7784 | D:3      | Slain by an orc warrior
  7785 | D:3      | Reached XP level 4. HP: -2/18 MP: 9/9
  7785 | D:3      | Quit the game

Illustrated notes

Levels and vault maps discovered:
D:1:      evilmike_arrival_fibonacci_small, layout_loops_ring,
          shapermc_ecumenical_altar_mp_ritualfount, minmay_hexomino_p4
D:2:      cheibrodos_old_hovel, layout_basic, serial_rivers,
          chequers_serial_rivers_micro_a, chequers_serial_rivers_marsh,
          chequers_serial_rivers_micro_b, chequers_serial_rivers_small_3,
          chequers_serial_rivers_large_b, chequers_serial_rivers_marsh,
          uniq_sigmund
D:3:      cheibrodos_helix_gallery, layout_basic, serial_shops,
          nicolae_shop_stone, nicolae_shop_stone, shop_coins,
          minmay_misc_feat_tiny, st_stairs_11, minmay_hedge_maze,
          kennysheep_generic_room_14, uniq_jessica, uniq_crazy_yiuf_cottage
D:4:      cheibrodos_greedy_goblins, layout_gridville, minivault_1,
          minmay_misc_feat_roman, minmay_misc_feat_chi, uniq_robin

Skill      XL: |  1  2  3  4  5 |
---------------+----------------+-----
Ice Magic      | 4 5 6 |  6.0
Spellcasting   | 3 |  3.0
Fighting       | |  0.1
Dodging        | |  2.7
Stealth        | |  2.7
Unarmed Combat | |  0.3

Action                   |  1- 3 |  4- 6 || total
-------------------------+-------+-------++-------
Melee: Unarmed           |    33 |    25 ||    58
       Bite              |     2 |     2 ||     4
 Cast: Freeze            |    61 |    40 ||   101
       Frozen Ramparts   |     1 |    14 ||    15
       Ozocubu's Armour  |       |     3 ||     3
  Use: Scroll            |     4 |     7 ||    11
 Stab: Sleeping          |     9 |     4 ||    13
Armor: Skin              |     4 |     3 ||     7
Dodge: Dodged            |    41 |    47 ||    88
Block: Other             |       |     9 ||     9

Table legend: (Time is in decaauts)
 A = Elapsed time spent in this place.
 B = Non-inter-level travel time spent in this place.
 C = Inter-level travel time spent in this place.
 D = Time resting spent in this place.
 E = Time spent auto-exploring this place.
 F = Levels seen in this place.
 G = Mean time per level.
                   A        B        C        D        E       F      G
               +--------+--------+--------+--------+--------+-----+--------+
         Total |   7029 |   6862 |    167 |   1952 |   3901 |   4 | 1757.2 |
       Dungeon |   7029 |   6862 |    167 |   1952 |   3901 |   4 | 1757.2 |
               +--------+--------+--------+--------+--------+-----+--------+

Top non-repeatable levels by time:
     D:3: 3013 daAuts
     D:1: 1659 daAuts
     D:2: 1394 daAuts
     D:4: 962 daAuts
